TOP OF THE 1ST |
New York Yankees batting - Pitching for Oakland Athletics : RHP Doug Bird
|
Pitching: RHP Doug Bird
|
|
Batting: SHB Tim Raines
|
0-0: Ball 1-0: Swinging Strike 1-1: Foul Ball, location: 2F 1-2: Ball 2-2: Ground out U3 (Groundball, 3, EV 95.6 MPH)
|
Batting: SHB Jerry Manuel
|
0-0: Ground out 4-3 (Groundball, 4, EV 76.9 MPH)
|
Batting: LHB Kent Hrbek
|
0-0: Swinging Strike 0-1: Swinging Strike 0-2: Ball 1-2: Foul Ball, location: 2F 1-2: Foul Ball, location: 2F 1-2: Foul Ball, location: 2F 1-2: Foul Ball, location: 2F 1-2: Ball 2-2: Foul Ball, location: 2F 2-2: Foul Ball, location: 2F 2-2: Strikes out swinging
|
Top of the 1st over - 0 runs, 0 hits, 0 errors, 0 left on base; New York 0 - Oakland 0 |
BOTTOM OF THE 1ST |
Oakland Athletics batting - Pitching for New York Yankees : RHP Blake Green
|
Pitching: RHP Blake Green
|
|
Batting: RHB Scott Fletcher
|
0-0: Called Strike 0-1: Ball 1-1: Ball 2-1: Swinging Strike 2-2: Foul Ball, location: 2F 2-2: Ground out 6-3 (Groundball, P, EV 89.4 MPH)
|
Batting: RHB Barry Evans
|
0-0: Ball 1-0: Ball 2-0: Foul Ball, location: 2F 2-1: Ball 3-1: Foul Ball, location: 2F 3-2: Strikes out swinging passed ball, reaches first!
|
Batting: RHB Dave Henderson
|
0-0: Called Strike 0-1: Grounds into double play, 4-6-3 (Groundball, 4D, EV 101.9 MPH)
|
Bottom of the 1st over - 0 runs, 0 hits, 0 errors, 0 left on base; New York 0 - Oakland 0 |
TOP OF THE 2ND |
New York Yankees batting - Pitching for Oakland Athletics : RHP Doug Bird
|
Batting: LHB George Kaage
|
0-0: Ground out 4-3 (Groundball, 4MS, EV 68.8 MPH)
|
Batting: RHB David Hall
|
0-0: Ball 1-0: Ball 2-0: Called Strike 2-1: Ball 3-1: Foul Ball, location: 2F 3-2: Ground out 4-3 (Groundball, 4, EV 85.0 MPH)
|
Batting: RHB Emanuel Cortez
|
0-0: Foul Ball, location: 2F 0-1: Swinging Strike 0-2: Ball 1-2: Fly out, F9 (Flyball, 9S, EV 89.4 MPH)
|
Top of the 2nd over - 0 runs, 0 hits, 0 errors, 0 left on base; New York 0 - Oakland 0 |
BOTTOM OF THE 2ND |
Oakland Athletics batting - Pitching for New York Yankees : RHP Blake Green
|
Batting: LHB Reggie Jackson
|
0-0: Called Strike 0-1: Foul Ball, location: 2F 0-2: Strikes out swinging
|
Batting: RHB George Hendrick
|
0-0: Ball 1-0: Ball 2-0: Fly out, F7 (Flyball, 78M, EV 85.6 MPH)
|
Batting: RHB Earl C Williams
|
0-0: Called Strike 0-1: Ball 1-1: DOUBLE (Line Drive, 7LS, EV 100.6 MPH)
|
Batting: LHB Ben Oglivie
|
0-0: Called Strike 0-1: Foul Ball, location: 2F 0-2: Foul Ball, location: 2F 0-2: Ball 1-2: Ball 2-2: Foul Ball, location: 2F 2-2: Strikes out swinging
|
Bottom of the 2nd over - 0 runs, 1 hit, 0 errors, 1 left on base; New York 0 - Oakland 0 |
TOP OF THE 3RD |
New York Yankees batting - Pitching for Oakland Athletics : RHP Doug Bird
|
Batting: SHB Larry Hyman
|
0-0: Called Strike 0-1: Swinging Strike 0-2: Strikes out looking
|
Batting: LHB Mario Cabrera
|
0-0: Foul Ball, location: 2F 0-1: Foul Ball, location: 2F 0-2: Hit by Pitch
|
Batting: LHB Tim Norrid
|
0-0: Ball 1-0: Ball 2-0: Fly out, F9 (Flyball, 9, EV 91.9 MPH)
|
Batting: SHB Tim Raines
|
0-0: Ball 1-0: Ball 2-0: Foul Ball, location: 2F 2-1: Ground out 4-3 (Groundball, 34, EV 100.0 MPH)
|
Top of the 3rd over - 0 runs, 0 hits, 0 errors, 1 left on base; New York 0 - Oakland 0 |
BOTTOM OF THE 3RD |
Oakland Athletics batting - Pitching for New York Yankees : RHP Blake Green
|
Pitching: RHP Jeff Cornell
|
|
Batting: RHB Willie Darkis
|
0-0: Called Strike 0-1: Foul Ball, location: 2F 0-2: Ball 1-2: Foul Ball, location: 2F 1-2: Strikes out looking
|
Batting: RHB Fred Andrews
|
0-0: Swinging Strike 0-1: Ball 1-1: Swinging Strike 1-2: Foul Ball, location: 2F 1-2: Strikes out swinging
|
Batting: RHB Scott Fletcher
|
0-0: Called Strike 0-1: Ball 1-1: Ball 2-1: Fly out, F8 (Line Drive, 8RD, EV 96.9 MPH)
|
Bottom of the 3rd over - 0 runs, 0 hits, 0 errors, 0 left on base; New York 0 - Oakland 0 |
TOP OF THE 4TH |
New York Yankees batting - Pitching for Oakland Athletics : RHP Doug Bird
|
Batting: SHB Jerry Manuel
|
0-0: SINGLE (Line Drive, 8RM, EV 99.4 MPH)
|
Batting: LHB Kent Hrbek
|
0-0: Ball 1-0: SINGLE (Line Drive, 8LS, EV 92.5 MPH) Jerry Manuel to second Runner from 2nd tries for 3rd, SAFE, throw by CF made to third
|
Batting: LHB George Kaage
|
0-0: Ball 1-0: Called Strike 1-1: Ball 2-1: Hit by Pitch Kent Hrbek to second
|
Batting: RHB David Hall
|
0-0: Swinging Strike 0-1: Foul Ball, location: 2F 0-2: Ball 1-2: Ball 2-2: Foul Ball, location: 2F 2-2: Foul Ball, location: 2F 2-2: Strikes out looking
|
Batting: RHB Emanuel Cortez
|
0-0: Called Strike 0-1: Ball 1-1: Foul Ball, location: 2F 1-2: Fly out, F8 (Line Drive, 8LD, EV 91.3 MPH) Runner from 3rd tags up, SCORES, throw by CF
|
Batting: SHB Larry Hyman
|
0-0: Swinging Strike 0-1: Ball 1-1: Called Strike 1-2: Ball 2-2: Strikes out swinging
|
Top of the 4th over - 1 run, 2 hits, 0 errors, 2 left on base; New York 1 - Oakland 0 |
BOTTOM OF THE 4TH |
Oakland Athletics batting - Pitching for New York Yankees : RHP Jeff Cornell
|
Batting: RHB Barry Evans
|
0-0: Ball 1-0: Foul Ball, location: 2F 1-1: Ground out 4-3 (Groundball, 34, EV 107.5 MPH)
|
Batting: RHB Dave Henderson
|
0-0: Ball 1-0: SINGLE (Flyball, 3D, EV 95.0 MPH)
|
Batting: LHB Reggie Jackson
|
0-0: Foul Ball, location: 2F 0-1: Ball 1-1: Foul Ball, location: 2F 1-2: Ball 2-2: Strikes out swinging
|
Batting: RHB George Hendrick
|
0-0: Foul Ball, location: 2F 0-1: Ball 1-1: SINGLE (Groundball, 6D, EV 99.4 MPH) Dave Henderson to second
|
Batting: RHB Earl C Williams
|
0-0: Ball 1-0: Fly out, F8 (Line Drive, 8RD, EV 103.8 MPH)
|
Bottom of the 4th over - 0 runs, 2 hits, 0 errors, 2 left on base; New York 1 - Oakland 0 |
TOP OF THE 5TH |
New York Yankees batting - Pitching for Oakland Athletics : RHP Doug Bird
|
Batting: LHB Mario Cabrera
|
0-0: Ball 1-0: Ball 2-0: Ball 3-0: Called Strike 3-1: Called Strike 3-2: Base on Balls
|
Batting: LHB Tim Norrid
|
0-0: Called Strike 0-1: Ball 1-1: Swinging Strike 1-2: Foul Ball, location: 2F 1-2: SINGLE (Groundball, 13S, EV 66.3 MPH) (infield hit) Mario Cabrera to second
|
Batting: SHB Tim Raines
|
0-0: Bunted foul 0-1: Bunted foul 0-2: SINGLE (Groundball, 6MS, EV 69.4 MPH) (infield hit) Mario Cabrera to third Tim Norrid to second
|
Batting: SHB Jerry Manuel
|
0-0: Called Strike 0-1: Foul Ball, location: 2F 0-2: Ball 1-2: Ball 2-2: Ball 3-2: Strikes out swinging
|
Batting: LHB Kent Hrbek
|
0-0: Grounds into fielders choice 4-2 (Groundball, 4, EV 87.5 MPH) Tim Norrid to third Tim Raines to second
|
Batting: LHB George Kaage
|
0-0: Ground out 1-3 (Groundball, 13S, EV 66.3 MPH)
|
Top of the 5th over - 0 runs, 2 hits, 0 errors, 3 left on base; New York 1 - Oakland 0 |
BOTTOM OF THE 5TH |
Oakland Athletics batting - Pitching for New York Yankees : RHP Jeff Cornell
|
Batting: LHB Ben Oglivie
|
0-0: Called Strike 0-1: Ball 1-1: Called Strike 1-2: Foul Ball, location: 2F 1-2: Ball 2-2: Ball 3-2: Foul Ball, location: 2F 3-2: SOLO HOME RUN (Flyball, 89XD, EV 96.9 MPH), Distance : 419 ft
|
Batting: RHB Willie Darkis
|
0-0: Fly out, F4 (Flyball, 3D, EV 81.9 MPH)
|
Batting: RHB Fred Andrews
|
0-0: Ball 1-0: Foul Ball, location: 2F 1-1: Ball 2-1: Ground out 4-3 (Groundball, 34, EV 90.0 MPH)
|
Batting: RHB Scott Fletcher
|
0-0: Foul Ball, location: 2F 0-1: Ball 1-1: Ball 2-1: Ball 3-1: Called Strike 3-2: Fly out, F4 (Flyball, 34D, EV 77.5 MPH)
|
Bottom of the 5th over - 1 run, 1 hit, 0 errors, 0 left on base; New York 1 - Oakland 1 |
TOP OF THE 6TH |
New York Yankees batting - Pitching for Oakland Athletics : RHP Doug Bird
|
Batting: RHB David Hall
|
0-0: Foul Ball, location: 2F 0-1: Ball 1-1: Reached on error, E4 (Flyball, 4MD, EV 90.0 MPH)
|
Batting: RHB Emanuel Cortez
|
0-0: Ball 1-0: Called Strike 1-1: Sac Bunt to 23 - play at first, batter OUT! 3-4 David Hall to second
|
Batting: SHB Larry Hyman
|
0-0: Foul Ball, location: 2F 0-1: Hit by Pitch
|
Batting: LHB Mario Cabrera
|
0-0: Foul Ball, location: 2F 0-1: Ball 1-1: Ball 2-1: Foul Ball, location: 2F 2-2: Ball 3-2: Fly out, F7 (Flyball, 7, EV 84.4 MPH)
|
Batting: LHB Tim Norrid
|
0-0: Ball 1-0: Ball 2-0: Called Strike 2-1: Called Strike 2-2: Foul Ball, location: 2F 2-2: Strikes out looking
|
Top of the 6th over - 0 runs, 0 hits, 1 error, 2 left on base; New York 1 - Oakland 1 |
BOTTOM OF THE 6TH |
Oakland Athletics batting - Pitching for New York Yankees : RHP Jeff Cornell
|
Pitching: RHP Camilo Aprgio
|
|
Batting: RHB Barry Evans
|
0-0: Ball 1-0: Ball 2-0: Ground out 6-3 (Groundball, 56D, EV 83.1 MPH)
|
Batting: RHB Dave Henderson
|
0-0: Foul Ball, location: 2F 0-1: Foul Ball, location: 2F 0-2: Strikes out swinging
|
Batting: LHB Reggie Jackson
|
0-0: Called Strike 0-1: Ball 1-1: Called Strike 1-2: Fly out, F8 (Flyball, 78M, EV 89.4 MPH)
|
Bottom of the 6th over - 0 runs, 0 hits, 0 errors, 0 left on base; New York 1 - Oakland 1 |
TOP OF THE 7TH |
New York Yankees batting - Pitching for Oakland Athletics : RHP Doug Bird
|
Batting: SHB Tim Raines
|
0-0: Ball 1-0: Called Strike 1-1: Fly out, F9 (Flyball, 9LD, EV 108.1 MPH)
|
Batting: SHB Jerry Manuel
|
0-0: Fly out, F8 (Flyball, 8LD, EV 90.6 MPH)
|
Batting: LHB Kent Hrbek
|
0-0: Ball 1-0: Ground out 5-3 (Groundball, 56, EV 106.9 MPH)
|
Top of the 7th over - 0 runs, 0 hits, 0 errors, 0 left on base; New York 1 - Oakland 1 |
BOTTOM OF THE 7TH |
Oakland Athletics batting - Pitching for New York Yankees : RHP Camilo Aprgio
|
Batting: RHB George Hendrick
|
0-0: Called Strike 0-1: Ball 1-1: Fly out, F9 (Flyball, 89M, EV 90.0 MPH)
|
Batting: RHB Earl C Williams
|
0-0: Fly out, F3 (Popup, 23F, EV 88.1 MPH)
|
Batting: LHB Ben Oglivie
|
0-0: Ball 1-0: Fly out, F9 (Line Drive, 9, EV 92.5 MPH)
|
Bottom of the 7th over - 0 runs, 0 hits, 0 errors, 0 left on base; New York 1 - Oakland 1 |
TOP OF THE 8TH |
New York Yankees batting - Pitching for Oakland Athletics : RHP Doug Bird
|
Batting: LHB George Kaage
|
0-0: Ball 1-0: Called Strike 1-1: Foul Ball, location: 2F 1-2: Foul Ball, location: 2F 1-2: Ball 2-2: Ball 3-2: Ground out U3 (Groundball, 34, EV 90.6 MPH)
|
Batting: RHB David Hall
|
0-0: Foul Ball, location: 2F 0-1: Ball 1-1: Ball 2-1: SINGLE (Line Drive, 8RM, EV 96.9 MPH)
|
Batting: RHB Emanuel Cortez
|
0-0: Called Strike 0-1: Fly out, F9 (Flyball, 9D, EV 91.9 MPH)
|
Batting: SHB Larry Hyman
|
0-0: Swinging Strike 0-1: Ball 1-1: Ball 2-1: Ball 3-1: Base on Balls David Hall to second
|
Pitching: LHP Bob Falcon
|
|
Batting: LHB Mario Cabrera
|
0-0: 3-RUN HOME RUN (Flyball, 89XD, EV 103.8 MPH), Distance : 417 ft
|
Batting: LHB Tim Norrid
|
0-0: Ball 1-0: Called Strike 1-1: Ball 2-1: Called Strike 2-2: Foul Ball, location: 2F 2-2: Ball 3-2: Base on Balls
|
Batting: SHB Tim Raines
|
0-0: Called Strike 0-1: Ball 1-1: Swinging Strike 1-2: Strikes out swinging
|
Top of the 8th over - 3 runs, 2 hits, 0 errors, 1 left on base; New York 4 - Oakland 1 |
BOTTOM OF THE 8TH |
Oakland Athletics batting - Pitching for New York Yankees : RHP Camilo Aprgio
|
Now in RF: Vic Rodriguez
|
|
Batting: RHB Willie Darkis
|
0-0: Ball 1-0: Fly out, F2 (Popup, 15S, EV 96.3 MPH)
|
Batting: RHB Fred Andrews
|
0-0: Foul Ball, location: 2F 0-1: Ground out 5-3 (Groundball, 5, EV 89.4 MPH)
|
Batting: RHB Scott Fletcher
|
0-0: Called Strike 0-1: Fly out, F2 (Popup, 2LF, EV 91.3 MPH)
|
Bottom of the 8th over - 0 runs, 0 hits, 0 errors, 0 left on base; New York 4 - Oakland 1 |
TOP OF THE 9TH |
New York Yankees batting - Pitching for Oakland Athletics : LHP Bob Falcon
|
Batting: SHB Jerry Manuel
|
0-0: Ball 1-0: Ball 2-0: Reached on error, E7 (Flyball, 7LM, EV 83.8 MPH)
|
Batting: LHB Kent Hrbek
|
0-0: Fly out, F9 (Flyball, 89XD, EV 103.8 MPH)
|
Batting: LHB George Kaage
|
0-0: Ball 1-0: Ball 2-0: Called Strike 2-1: Called Strike 2-2: Strikes out swinging
|
Batting: RHB David Hall
|
0-0: Ball Jerry Manuel steals 2nd, throwing error, E2 Jerry Manuel to third 1-0: Foul Ball, location: 2F 1-1: Ball 2-1: Fly out, F8 (Flyball, 8RD, EV 105.0 MPH)
|
Top of the 9th over - 0 runs, 0 hits, 2 errors, 1 left on base; New York 4 - Oakland 1 |
BOTTOM OF THE 9TH |
Oakland Athletics batting - Pitching for New York Yankees : RHP Camilo Aprgio
|
Batting: RHB Barry Evans
|
0-0: Ball 1-0: Called Strike 1-1: Ball 2-1: Fly out, F7 (Flyball, 7S, EV 88.8 MPH)
|
Batting: RHB Dave Henderson
|
0-0: Ball 1-0: Swinging Strike 1-1: Ground out 4-3 (Groundball, 34, EV 100.0 MPH)
|
Batting: LHB Reggie Jackson
|
0-0: Called Strike 0-1: Ground out 4-3 (Groundball, 4, EV 90.0 MPH)
|
Bottom of the 9th over - 0 runs, 0 hits, 0 errors, 0 left on base; New York 4 - Oakland 1 |
|